Construct Weapon Support Center
Construct Weapon Support Center
Construct Medical Station
Mechanized Support Center
Designate Forward Repair Station
Designate Forward Repair Station
M1918 Browning Automatic Rifles
Selects Exchangeable Parts
Selects M26 Pershing Heavy Tank
M4A1(76) Sherman Medium Tank
Selects M2HB .50cal Heavy Machine Gun
M4A1(76) Sherman Medium Tank
M4A1(76) Sherman Medium Tank
Selects Black Dragon Artillery Barrage
Selects Bolstered Team Weapons